 Dungeon Crawl Stone Soup version 0.24.0-35-gdb84b6a5db (webtiles) character file.

Game seed: 14557367171505870435, levelgen mode: deterministic

219 FishyPogo the Firebug (level 5, -4/40 HPs)
             Began as a Draconian Fire Elementalist on Nov 17, 2019.
             Slain by Blork the orc
             ... wielding a +0 scimitar
              (6 damage)
             ... on level 5 of the Dungeon.
             The game lasted 00:12:40 (2078 turns).

FishyPogo the Firebug (Draconian Fire Elementalist) Turns: 2078, Time: 00:12:41

Health: -4/40      AC:  7    Str: 13    XL:     5   Next: 63%
Magic:  4/8        EV: 12    Int: 21    God:
Gold:   87         SH:  3    Dex: 12    Spells: 2/8 levels left

rFire    . . .     SeeInvis .   e - +0 hand axe (elec)
rCold    . . .     Gourm    .   (no shield)
rNeg     . . .     Faith    .   (armour unavailable)
rPois    .         Spirit   .   (helmet restricted)
rElec    .         Reflect  +   (no cloak)
rCorr    .         Harm     .   p - +1 pair of gloves {Str+3}
MR       .....                  (no boots)
Stlth    ++........             q - +3 amulet of reflection
HPRegen  0.13/turn              (no ring)
MPRegen  0.11/turn              (no ring)

@: brilliant
A: unfitting armour, cold-blooded, AC +5
a: no special abilities


You were on level 5 of the Dungeon.
You were hungry.

You visited 1 branch of the dungeon, and saw 5 of its levels.

You collected 87 gold pieces.

Inventory:

Hand Weapons
 e - a +0 hand axe of electrocution (weapon)
 o - a +2 dagger of electrocution
Missiles
 a - 130 stones (quivered)
 f - 3 boomerangs
 m - 11 poisoned darts
 r - 6 atropa-tipped darts
Armour
 p - a +1 pair of gloves of strength (worn)
Jewellery
 q - a +3 amulet of reflection (around neck)
Scrolls
 c - 3 scrolls of fog {unknown}
 d - 2 scrolls of fear {unknown}
 i - 2 scrolls of identify {unknown}
 j - a scroll of enchant weapon {unknown}
 v - a scroll of immolation {unknown}
Potions
 g - a potion of ambrosia {unknown}
 h - a potion of degeneration {unknown}
 l - a potion of haste {unknown}
 n - 2 potions of curing
 t - a potion of heal wounds {unknown}
Comestibles
 b - 3 rations
 u - 2 chunks of flesh


   Skills:
 + Level 1.0 Fighting
 + Level 2.1 Dodging
 - Level 3.0 Stealth
 - Level 2.0 Spellcasting
 * Level 3.8 Conjurations
 - Level 4.0 Fire Magic


You had 2 spell levels left.
You knew the following spells:

 Your Spells              Type           Power        Failure   Level  Hunger
a - Flame Tongue          Conj/Fire      ####.        1%          1    #......
b - Throw Flame           Conj/Fire      ####..       1%          2    ##.....
j - Conjure Flame         Conj/Fire      ####....     1%          3    ###....

Your spell library contained the following spells:

 Spells                   Type           Power        Failure   Level  Hunger
 Inner Flame              Hex/Fire       ###.....     2%          3    ###....
 Sticky Flame             Conj/Fire      ####....     3%          4    #####..
 Fireball                 Conj/Fire      ####......   10%         5    ######.


Dungeon Overview and Level Annotations

Branches:
Dungeon (5/15)
 Temple: D:4-7

Altars:

Annotations:
D:5 Blork the orc


Innate Abilities, Weirdness & Mutations

Your plain brown scales are hard. (AC +5)
You cannot fit into any form of body armour.
You are cold-blooded and may be slowed by cold attacks.


Message History

Casting: Conjure Flame (safe; 12% risk of failure)
Confirm with . or Enter, or press ? or * to list all spells.
Aiming: Conjure Flame (safe; 12% risk of failure)
Press: ? - help, Dir - move target cursor You see a ghostly outline there, and the spell fizzles.
Something hits you but does no damage.
Okay, then.
Casting: Conjure Flame (safe; 12% risk of failure)
Confirm with . or Enter, or press ? or * to list all spells.
You can't see any susceptible monsters within range! (Use Z to cast anyway.)
Okay, then.
Casting: Conjure Flame (safe; 12% risk of failure)
Confirm with . or Enter, or press ? or * to list all spells.
You can't see any susceptible monsters within range! (Use Z to cast anyway.) It was a potion of cancellation.
You feel magically purged. Something hits you.
* * * LOW HITPOINT WARNING * * *
It was a potion of brilliance.
You feel clever all of a sudden. Something hits you.
You die...

#######
#.....#
#.###.#
###.#...#
#.....###
#.#....<#
#.#######.#
#.....@...#
#####'#####
#.........#
#.8..8..8.#
#.........#
##+##+##'##
#..## ##.#
#.#..#


There were no monsters in sight!

Vanquished Creatures
  2 orc priests (D:3)
  A gnoll (D:4)
  5 adders
  An ooze (D:2)
  3 worms
  An adder skeleton (D:5)
  2 dart slugs
  A leopard gecko (D:1)
  8 orcs (D:3)
  A giant cockroach (D:2)
  9 goblins
  8 hobgoblins
  3 jackals (D:2)
  6 kobolds
  3 quokkas (D:2)
  12 bats
  3 frilled lizards
  4 rats
73 creatures vanquished.

Notes
Turn   | Place    | Note
-------+----------+-------------------------------------------
     0 | D:1      | FishyPogo the Draconian Fire Elementalist began the quest
                  | for the Orb.
     0 | D:1      | Reached XP level 1. HP: 14/14 MP: 3/3
   289 | D:1      | Reached XP level 2. HP: 20/20 MP: 5/5
   537 | D:1      | Learned a level 2 spell: Throw Flame
   688 | D:2      | Reached XP level 3. HP: 24/26 MP: 3/6
   746 | D:2      | Learned a level 3 spell: Conjure Flame
  1105 | D:2      | Reached XP level 4. HP: 33/33 MP: 7/7
  1468 | D:3      | Reached XP level 5. HP: 32/38 MP: 8/8
  2027 | D:5      | Entered Level 5 of the Dungeon
  2054 | D:5      | Noticed Blork the orc
  2058 | D:5      | Reached skill level 1 in Fighting
  2058 | D:5      | Reached skill level 4 in Fire Magic
  2077 | D:5      | HP: 2/40 [something (5)]
  2078 | D:5      | Slain by Blork the orc

Levels and vault maps discovered:
D:1:      dpeg_arrival_three_same_balls, layout_rooms
D:2:      layout_loops_ring, minmay_misc_feat_chi, kennysheep_nub
D:3:      layout_loops_ring
D:4:      layout_basic, first_ration
D:5:      minmay_chambers_of_threes, layout_basic, saegor_snake_ambush,
          uniq_blork_the_orc, uniq_eustachio

Skill      XL: |  1  2  3  4  5 |
---------------+----------------+-----
Stealth        | 2 3 |  3.0
Dodging        | 2 |  2.1
Conjurations   | 2 3 |  3.8
Fighting       | 1 |  1.0
Fire Magic     | 4 |  4.0
Spellcasting   | |  2.0

Action                   |  1- 3 |  4- 6 || total
-------------------------+-------+-------++-------
Melee: Unarmed           |     4 |       ||     4
       Hand axe          |    51 |    65 ||   116
       Tailslap          |     3 |     6 ||     9
 Cast: Flame Tongue      |    33 |    22 ||    55
       Throw Flame       |     1 |     9 ||    10
       Conjure Flame     |       |     1 ||     1
  Use: Scroll            |       |     1 ||     1
       Potion            |       |     2 ||     2
 Stab: Sleeping          |     4 |     6 ||    10
  Eat: Chunk             |     1 |     4 ||     5
Armor: Skin              |    20 |    15 ||    35
Dodge: Dodged            |    47 |    43 ||    90
Block: Other             |       |     8 ||     8
